 Dungeon Crawl Stone Soup version 0.29-a0-321-gf1c400731a (webtiles) character file.

Game seed: 8236435995216618089

3869 enile the Charlatan (level 10, -7/59 HPs)
             Began as an Octopode Wanderer on Apr 5, 2022.
             Was an Initiate of Gozag.
             Succumbed to a killer bee's poison
             ... on level 9 of the Dungeon.
             The game lasted 00:17:38 (9580 turns).

enile the Charlatan (Octopode Wanderer)             Turns: 9580, Time: 00:17:38

Health: -7/59      AC:  1    Str: 10    XL:     10   Next: 19%
Magic:  1/25       EV: 15    Int: 31    God:    Gozag
Gold:   249        SH:  0    Dex: 15    Spells: 17/18 levels left

rFire   + . .      SeeInvis .   w - +0 quarterstaff (spect)
rCold   + . .      Faith    .   (shield currently unavailable)
rNeg    . . .      Spirit   +   b - +0 hat
rPois   +          Reflect  .   k - amulet of guardian spirit
rElec   +          Harm     .   j - ring of magical power
rCorr   +          Rampage  .   f - ring of flight
Will    .....                   h - +6 ring of intelligence
Stlth   ++++......              e - +6 ring of intelligence
HPRegen 0.19/turn               (no ring)
MPRegen 0.19/turn               (no ring)
                                (no ring)
                                (no ring)

@: lethally poisoned (-7 -> -45), resistant, flying
A: almost no armour, amphibious, 8 rings, camouflage 1, gelatinous body 1,
(nimble swimmer 1), tentacles, clever 1, frail 1
a: Renounce Religion, Potion Petition, Call Merchant, Bribe Branch


You were on level 9 of the Dungeon.
You worshipped Gozag.
Gozag was aware of your devotion.
You visited 1 branch of the dungeon, and saw 9 of its levels.

You collected 889 gold pieces.
You donated 4 gold pieces to Zin.
You paid 636 gold pieces to Gozag.

Inventory:

Hand Weapons
 a - a +3 quarterstaff
 d - a +2 quarterstaff of chaos
 m - a +1 short sword of venom
 p - a +2 war axe of flaming
 s - the +3 trident of Kiniacar {vorpal, Will+++ Dex-5}
   (You found it on level 5 of the Dungeon)

   It inflicts extra damage upon your enemies.
   Dex:       It affects your dexterity (-5).
   Will:      It greatly increases your willpower.
 v - a +0 lajatang
 w - a +0 spectral quarterstaff (weapon)
Armour
 b - a +0 hat (worn)
 l - a +1 buckler
Jewellery
 e - a +6 ring of intelligence (on tentacle)
 f - a ring of flight (right tentacle)
 h - a +6 ring of intelligence (on tentacle)
 j - a ring of magical power (left tentacle)
 k - an amulet of guardian spirit (around mantle)
Wands
 c - a wand of paralysis (7)
Scrolls
 i - a scroll of magic mapping
 u - a scroll of noise
Potions
 o - a potion of brilliance {unknown}
 q - a potion of might {unknown}
 t - 2 potions of flight
Miscellaneous
 n - a condenser vane (inert)


   Skills:
 - Level 5.2 Fighting
 - Level 3.0 Staves
 - Level 6.0 Dodging
 - Level 5.0 Stealth
 - Level 3.0 Shields
 + Level 4.6 Spellcasting
 - Level 3.0 Conjurations
 - Level 7.0 Air Magic
 - Level 1.0 Invocations
 - Level 7.0 Evocations


You had 17 spell levels left.
You knew the following spells:

 Your Spells              Type           Power      Damage    Failure   Level
a - Shock                 Conj/Air       100%       1d9       1%          1

Your spell library contained the following spells:

 Spells                   Type           Power      Damage    Failure   Level
 Dazzling Flash           Conj/Hex       32%        N/A       10%         3
 Irradiate                Conj/Tmut      8%         3d16      65%         5
 Blade Hands              Tmut           3%         N/A       85%         5
 Dragon Form              Tmut           3%         N/A       100%        7


Dungeon Overview and Level Annotations

Branches:
Dungeon (10/15)            Temple (0/1) D:4            Lair (0/6) D:10
    Orc: D:9-12

Altars:
Dithmenos
Fedhas
Gozag
Makhleb
Wu Jian
Zin

Shops:
D:9 :

Annotations:
D:5 Dowan, Duvessa


Innate Abilities, Weirdness & Mutations

You cannot wear most types of armour.
You are amphibious.
You can wear up to eight rings at the same time.
Your skin changes colour to match your surroundings (Stealth+).
Your rubbery body absorbs attacks. (AC +1, EV +1)
((You are camouflaged when in or above water. (Stealth+)))
You have tentacles for arms and can constrict up to eight enemies at once.
Your mind is acute. (Int +2)
You are frail. (-10% HP)


Message History

The killer bee stings you!
You are lethally poisoned!
The killer bee poisons you! The killer bee stings you.
Okay, then.
Okay, then.
It was a potion of flight.
You feel more buoyant.
You feel extremely sick. The killer bee barely misses you.
The killer bee stings you.
* * * LOW HITPOINT WARNING * * *
The killer bee barely misses you. The killer bee misses you.
The killer bee barely misses you.
The killer bee misses you. [a] - 264 gold - brilliance and magic [b] - 494 gold - haste, brilliance and heal wounds [c] - 240 gold - resistance Purchase which effect?
You don't have enough gold for that! [a] - 264 gold - brilliance and magic [b] - 494 gold - haste, brilliance and heal wounds [c] - 240 gold - resistance Purchase which effect?
You no longer have enough gold to petition Gozag for potion effects.
You feel protected.
* * * LOW HITPOINT WARNING * * *
You feel very sick. The killer bee misses you. The killer bee stings you.
* * * LOW HITPOINT WARNING * * *
You are more poisoned.
The killer bee poisons you! The killer bee closely misses you.
The killer bee stings you.
* * * LOW HITPOINT WARNING * * *
The killer bee stings you!
* * * LOW HITPOINT WARNING * * *
You are more poisoned.
The killer bee poisons you!
The killer bee is distracted by your dazzling golden aura.
It was a potion of resistance.
You feel protected.
You die...
Your body crumbles into a pile of gold.

....#.......'....#.....#
...##......##.....#....#
...##......##.....######
[...+......##.....#
....#.............#
...##.(...........#
...##.........$..##
...............y.##
...............y@.#
...............y..#
...##.............#
#####......##....####
...##......##.......#
...................##
.............#..#..#
......>......#..#..#
..........#..#..#..#


You could see 3 killer bees.

Vanquished Creatures
  Pikel (D:6)
  Maggie (D:9)
  3 polar bears (D:9)
  A wyvern (D:9)
  A yak (D:9)
  Eustachio (D:6)
  A steam dragon (D:9)
  Menkaure (D:5)
  2 orc warriors (D:9)
  2 ice beasts
  2 sky beasts
  An ogre (D:6)
  A wolf (D:9)
  A kobold brigand (D:10)
  A bullfrog (D:6)
  A scorpion (D:4)
  A hornet simulacrum (D:9)
  4 killer bees (D:9)
  An electric eel (D:9)
  A howler monkey (D:3)
  3 orc priests
  2 hounds
  A jelly (D:6)
  Crazy Yiuf (D:6)
  A gnoll shaman (D:4)
  Jessica (D:2)
  Ijyb (D:3)
  2 iguanas
  2 orc wizards (D:5)
  A hell rat (D:10)
  2 centaur simulacra (D:9)
  4 gnolls (D:4)
  5 adders
  3 white imps
  A howler monkey simulacrum (D:9)
  An ufetubus (D:9)
  2 worms (D:2)
  A dart slug (D:2)
  18 orcs
  6 endoplasms
  A giant cockroach (D:4)
  7 goblins
  8 hobgoblins
  2 jackals (D:3)
  7 kobolds
  3 quokkas (D:1)
  11 ball pythons
  5 bats
  3 frilled lizards (D:1)
  5 rats
138 creatures vanquished.

Vanquished Creatures (collateral kills)
  2 orcs (D:3)
2 creatures vanquished.

Vanquished Creatures (others)
  2 demonic plants (D:1)
2 creatures vanquished.

Grand Total: 142 creatures vanquished

Notes
Turn   | Place    | Note
-------+----------+-------------------------------------------
     0 | D:1      | enile the Octopode Wanderer began the quest for the Orb.
     0 | D:1      | enile set off with the following items: a +2 quarterstaff,
                  | a +0 hat, a scroll of fear; and the following spell
                  | memorised: Shock; and the following spells available to
                  | memorise: Dazzling Flash
     0 | D:1      | Reached XP level 1. HP: 11/11 MP: 2/2
    66 | D:1      | Reached skill level 1 in Fighting
   201 | D:1      | Reached XP level 2. HP: 18/18 MP: 0/3
   958 | D:1      | Reached skill level 1 in Air Magic
  1043 | D:1      | Reached XP level 3. HP: 24/24 MP: 1/4
  1147 | D:1      | Found a faded altar of an unknown god.
  1244 | D:1      | Prayed at the altar of an unknown god.
  1244 | D:1      | Became a worshipper of Zin the Law-Giver
  1244 | D:1      | Reached * piety under Zin
  1852 | D:2      | Noticed Jessica
  1858 | D:2      | Killed Jessica
  1859 | D:2      | Reached XP level 4. HP: 26/30 MP: 3/5
  1964 | D:2      | Found an opulent altar of Gozag.
  2132 | D:2      | Fell from the grace of Zin
  2132 | D:2      | Became a worshipper of Gozag Ym Sagoz the Greedy
  3086 | D:3      | Found a blossoming altar of Fedhas.
  3088 | D:3      | Found an ornate altar of the Wu Jian Council.
  3089 | D:3      | Found a shadowy altar of Dithmenos.
  3370 | D:3      | Reached XP level 5. HP: 36/36 MP: 7/7
  3979 | D:4      | Noticed Ijyb
  3983 | D:4      | Paralysed by Ijyb for 4 turns
  4004 | D:3      | Killed Ijyb
  4203 | D:4      | Reached XP level 6. HP: 30/42 MP: 10/10
  4697 | D:4      | Found a staircase to the Ecumenical Temple.
  4880 | D:5      | Entered Level 5 of the Dungeon
  5024 | D:5      | Noticed a sky beast
  5330 | D:5      | Killed a sky beast
  5331 | D:5      | Reached XP level 7. HP: 38/48 MP: 11/11
  5559 | D:5      | Identified the +3 trident of Kiniacar {vorpal, Will+++
                  | Dex-5}
  5666 | D:5      | Noticed Menkaure
  5670 | D:5      | Killed Menkaure
  5671 | D:5      | Reached skill level 5 in Dodging
  5742 | D:5      | Noticed Duvessa
  5744 | D:5      | Noticed Dowan
  5748 | D:5      | Reached skill level 1 in Shields
  6307 | D:6      | Noticed Pikel
  6325 | D:6      | Killed Pikel
  6326 | D:6      | Reached XP level 8. HP: 35/54 MP: 12/12
  6652 | D:6      | Reached skill level 5 in Evocations
  6709 | D:6      | Noticed Eustachio
  6718 | D:6      | Killed Eustachio
  6719 | D:6      | Reached skill level 5 in Fighting
  6794 | D:6      | Found a runed translucent door.
  6795 | D:6      | Noticed Crazy Yiuf
  6985 | D:6      | Killed Crazy Yiuf
  6986 | D:6      | Reached XP level 9. HP: 61/61 MP: 13/13
  7163 | D:7      | You are sucked into a shaft and drop 3 floors!
  7163 | D:10     | Entered Level 10 of the Dungeon
  7163 | D:10     | Noticed a death yak
  7163 | D:10     | Noticed a death yak
  7163 | D:10     | Noticed a kobold demonologist
  7163 | D:10     | Found a staircase to the Lair.
  7179 | D:9      | Noticed a polar bear
  7186 | D:9      | Found Vihu's Book Shop.
  7231 | D:9      | Killed a polar bear
  7402 | D:9      | Reached skill level 5 in Stealth
  7668 | D:9      | Noticed Maggie
  7691 | D:9      | Killed Maggie
  8068 | D:9      | Noticed a polar bear
  8077 | D:9      | Killed a polar bear
  8339 | D:9      | Reached skill level 5 in Air Magic
  8594 | D:9      | Noticed a polar bear
  8601 | D:9      | Reached XP level 10. HP: 58/66 MP: 16/16
  9323 | D:9      | Found a burning altar of Makhleb.
  9575 | D:9      | Gained mutation: You are frail. (-10% HP) [potion of
                  | mutation]
  9575 | D:9      | Gained mutation: Your mind is acute. (Int +2) [potion of
                  | mutation]
  9579 | D:9      | HP: 1/59 [killer bee (4)]
  9580 | D:9      | Succumbed to a killer bee's poison

Illustrated notes

Levels and vault maps discovered:
D:1:      dpeg_arrival_rooms_with_view, layout_basic,
          dreamdust_ecumenical_altar_sealed_demon
D:2:      layout_basic, basic_altar, kennysheep_generic_room_13, uniq_jessica
D:3:      layout_loops_ring, grunt_temple_overflow_open
D:4:      layout_basic, minmay_temple_entry_junction_2, uniq_ijyb
D:5:      minmay_razor_zed, layout_loops_ring, amethyst_overflow_temple_binary,
          kennysheep_nondescript, uniq_menkaure, uniq_duvessa
D:6:      layout_rooms, kennysheep_small_square, uniq_pikel, uniq_eustachio,
          uniq_crazy_yiuf_cottage
D:7:      layout_gridville, old_standard_altar, serial_glass, glass_columns_a,
          glass_columns_b, nrook_loot_triangle, minmay_lizard_king
D:9:      layout_gridville, bloody_makhleb, serial_shops, shop, serial_ice,
          serial_ice_e, serial_ice_o, serial_ice_k, serial_ice_b,
          grunt_ministairs_6, hangedman_abyss_or_decor_stagger, uniq_maggie
D:10:     layout_loops_ring, kennysheep_little_box, dpeg_lair_monsters,
          ploomutoo_gammafunk_ghost_potion_laboratory

Skill      XL: |  1  2  3  4  5  6  7  8  9 10 |
---------------+-------------------------------+-----
Fighting       | 1 2 3 4 5 |  5.2
Air Magic      | 1 2 3 5 7 |  7.0
Dodging        | 3 6 |  6.0
Spellcasting   | 3 4 |  4.6
Shields        | 3 |  3.0
Staves         | 3 |  3.0
Evocations     | 3 5 7 |  7.0
Stealth        | 2 5 |  5.0
Conjurations   | |  3.0
Invocations    | |  1.0

Action                   |  1- 3 |  4- 6 |  7- 9 | 10-12 || total
-------------------------+-------+-------+-------+-------++-------
Melee: Quarterstaff      |    32 |    80 |    90 |    23 ||   225
       Constrict         |     8 |    22 |    25 |     6 ||    61
       Tentacles         |     7 |    12 |    31 |     7 ||    57
       Punch             |       |     2 |       |     1 ||     3
       Trident           |       |       |    47 |       ||    47
 Cast: Shock             |    43 |    54 |       |    15 ||   112
Invok: Potion Petition   |       |     1 |       |     1 ||     2
Evoke: Wand              |       |       |     1 |     1 ||     2
       Condenser vane    |       |       |     1 |       ||     1
  Use: Scroll            |     2 |     5 |     4 |     1 ||    12
       Potion            |       |     5 |     2 |     3 ||    10
 Stab: Sleeping          |     4 |     4 |     4 |       ||    12
       Distracted        |       |       |     2 |       ||     2
       Paralysed         |       |       |     7 |     2 ||     9
Armor: Skin              |     3 |     8 |     8 |       ||    19
Dodge: Dodged            |    11 |    75 |    91 |    33 ||   210
Block: Buckler           |       |       |     2 |       ||     2

Table legend: (Time is in decaauts)
 A = Elapsed time spent in this place.
 B = Non-inter-level travel time spent in this place.
 C = Inter-level travel time spent in this place.
 D = Time resting spent in this place.
 E = Time spent auto-exploring this place.
 F = Levels seen in this place.
 G = Mean time per level.
                   A        B        C        D        E       F      G
               +--------+--------+--------+--------+--------+-----+--------+
         Total |   9639 |   9320 |    319 |    881 |   7090 |   9 | 1071.0 |
       Dungeon |   9639 |   9320 |    319 |    881 |   7090 |   9 | 1071.0 |
               +--------+--------+--------+--------+--------+-----+--------+

Top non-repeatable levels by time:
     D:9: 1830 daAuts
     D:1: 1794 daAuts
     D:6: 1302 daAuts
     D:3: 1206 daAuts
     D:2: 1179 daAuts
     D:4: 1015 daAuts
    D:10: 604 daAuts
     D:5: 595 daAuts
     D:7: 111 daAuts
